 Dungeon Crawl Stone Soup version 0.22-a0-322-g60b3cfd (webtiles) character file.

289 b5mith the Sneak (level 6, -1/47 HPs)
             Began as a Vampire Assassin on Apr 2, 2018.
             Slain by Grinder (7 damage)
             ... while paralysed by Grinder
             ... on level 3 of the Dungeon.
             The game lasted 00:11:08 (2538 turns).

b5mith the Sneak (Vampire Assassin)                 Turns: 2538, Time: 00:11:09

Health: -1/47      AC:  3    Str: 11    XL:     6   Next: 9%
Magic:  6/6        EV:  2    Int: 14    God:
Gold:   53         SH:  0    Dex: 16    Spells: 5/5 levels left

rFire    . . .     SeeInvis +   a - +2 dagger
rCold    + . .     Gourm    .   (no shield)
rNeg     + + .     Faith    .   c - +0 robe
rPois    +         Spirit   .   (no helmet)
rElec    .         Reflect  .   d - +0 cloak
rCorr    .         Harm     .   (no gloves)
MR       .....                  (no boots)
Stlth    +++++.....             (no amulet)
HPRegen  0.07/turn              (no ring)
MPRegen  0.10/turn              (no ring)

@: paralysed, regenerating slowly
A: fangs 3, see invisible, unbreathing
a: Bat Form


You were on level 3 of the Dungeon.
You were near bloodless.

You visited 1 branch of the dungeon, and saw 3 of its levels.

You collected 53 gold pieces.

Inventory:

Hand Weapons
 a - a +2 dagger (weapon)
 b - a +0 blowgun
Missiles
 e - 8 poisoned needles
 f - 2 curare-tipped needles
Armour
 c - a +0 robe (worn)
 d - a +0 cloak (worn)
Jewellery
 q - an uncursed ring of flight {unknown}
Scrolls
 h - 2 scrolls of identify {unknown}
 i - 3 scrolls of teleportation {unknown}
 l - 3 scrolls of magic mapping {unknown}
 m - a scroll of fear {unknown}
 o - a scroll of amnesia {unknown}
Potions
 g - 21 potions of blood
 j - 2 potions of mutation {unknown}
 k - a potion of brilliance {unknown}
 n - a potion of haste {unknown}
 p - a potion of heal wounds {unknown}


   Skills:
 + Level 3.2 Fighting
 + Level 4.0 Short Blades
 - Level 1.5 Throwing
 + Level 3.3 Dodging
 + Level 7.6 Stealth


You had 5 spell levels left.
You didn't know any spells.

Dungeon Overview and Level Annotations

Branches:
Dungeon (3/15)

Altars:
The Shining One

Annotations:
D:3 Grinder


Innate Abilities, Weirdness & Mutations

You heal slowly.
You have razor-sharp teeth.
You have supernaturally acute eyesight. (SInv)
You can survive without breathing.


Message History

Grinder hits you but does no damage.
You hit Grinder.
Grinder is almost dead.
Grinder hits you but does no damage.
You hit Grinder.
Grinder is almost dead.
You hit Grinder but do no damage. Your bite misses Grinder.
Grinder is almost dead.
Grinder misses you.
You hit Grinder.
Grinder is almost dead.
Grinder blinks!
Grinder gestures at you.
You struggle to resist.
Grinder gestures at you.
You suddenly lose the ability to move!
Grinder hits you!
* * * LOW HITPOINT WARNING * * *
Grinder hits you!
You die...

...##.### #..#....
####..#...# .........$#
#......# #...# ###.#
##.## ##.@.## .#
###.#5#.###.# .#
............# .#
#########.#.#.##### .#
........##...## ### .#
.........##.##
##.##.######
#####.......#
##.#.#.......
##...##.###.###.########
##........## ##........


You could see Grinder.

Vanquished Creatures
  Sigmund (D:2)
  A hound zombie (D:2)
  A gnoll (D:1)
  5 adders (D:2)
  4 worms (D:2)
  A dart slug (D:2)
  2 leopard geckos
  7 bats
  3 giant cockroaches
  6 hobgoblins
  4 kobolds
  A quokka (D:3)
  A ball python (D:2)
  4 frilled lizards
  9 goblins
  2 rats
52 creatures vanquished.

Notes
Turn   | Place    | Note
-------+----------+-------------------------------------------
     0 | D:1      | b5mith the Vampire Assassin began the quest for the Orb.
     0 | D:1      | Reached XP level 1. HP: 16/16 MP: 1/1
   115 | D:1      | Reached skill level 6 in Stealth
   115 | D:1      | Reached XP level 2. HP: 22/22 MP: 2/2
   747 | D:1      | Reached XP level 3. HP: 24/27 MP: 3/3
  1381 | D:2      | Reached XP level 4. HP: 25/34 MP: 4/4
  1424 | D:2      | Noticed Sigmund
  1430 | D:2      | Killed Sigmund
  1430 | D:2      | Reached skill level 7 in Stealth
  1430 | D:2      | Reached XP level 5. HP: 35/41 MP: 5/5
  1914 | D:2      | Reached XP level 6. HP: 41/47 MP: 6/6
  1959 | D:2      | Found a glowing golden altar of the Shining One.
  2489 | D:3      | Noticed Grinder
  2507 | D:3      | Paralysed by Grinder for 5 turns
  2536 | D:3      | Paralysed by Grinder for 4 turns
  2538 | D:3      | Slain by Grinder

Vault maps used:
D:1:      lemuel_arrival_rhombus
D:2:      nicolae_tso_carved_into_rock, uniq_sigmund
D:3:      nemelex_spade_bored_becter, uniq_terence, uniq_grinder

Skill      XL: |  1  2  3  4  5  6 |
---------------+-------------------+-----
Fighting       | 2 3 |  3.2
Stealth        | 6 7 |  7.6
Dodging        | 2 3 |  3.3
Short Blades   | 3 4 |  4.0
Throwing       | |  1.5

Action                   |  1- 3 |  4- 6 || total
-------------------------+-------+-------++-------
Melee: Dagger            |    84 |    99 ||   183
       Bite              |     5 |     7 ||    12
 Fire: Blowgun           |     3 |       ||     3
  Use: Potion            |     1 |     1 ||     2
 Stab: Sleeping          |     8 |    12 ||    20
Armor: Robe              |    20 |    16 ||    36
Dodge: Dodged            |    46 |    41 ||    87

Table legend:
 A = Spawn XP
 B = Non-spawn XP
 C = Spawn XP percentage of total XP
 D = Spawn monster count
 E = Non-spawn monster count
 F = Spawn count percentage of total count
 G = Total turns spent on level
                    A         B        C        D         E        F      G
               +---------+---------+-------+---------+---------+-------+---------
         Total |       0 |     413 |   0.0 |       0 |      52 |   0.0 |  2538
               +---------+---------+-------+---------+---------+-------+---------
           D:1 |       0 |      43 |   0.0 |       0 |      18 |   0.0 |   845
           D:2 |       0 |     361 |   0.0 |       0 |      29 |   0.0 |  1551
           D:3 |       0 |       9 |   0.0 |       0 |       5 |   0.0 |   142
               +---------+---------+-------+---------+---------+-------+---------
